Map: Triton LE

Players

BlyOnFire (Bly) - Winner!

  • Race: Zerg Zerg
  • League: Grandmaster
  • Spawn Location: 5:00

Geralt (Gerald)

  • Race: Protoss Protoss
  • League: Grandmaster
  • Spawn Location: 11:00

VOD

Have the link to the VOD?

Description

Time

  • Played on: Nov. 17, 2019, 2:40 p.m.
  • Length: 5:42
Show
View Real Time Build Order
Export as new Build Order

BlyOnFire Zerg - Winner!

Build Orders: Hatch First, Ravager All-In 

Get SALT Encoding   

  12  0:01  Drone  
  13  0:12  Overlord  
  13  0:17  Drone  
  14  0:31  Drone x2  
  16  0:41  Drone  
  17  0:55  Hatchery  
  16  0:59  Drone  
  16  1:01  Drone  
  18  1:10  Extractor  
  17  1:15  Spawning Pool  
  17  1:17  Drone  
  17  1:20  Drone  
  18  1:28  Drone  
  19  1:39  Drone  
  20  1:49  Extractor  
  20  1:50  Drone  
  20  2:00  Drone  
  21  2:03  Roach Warren, Queen  
  21  2:06  Queen  
  21  2:08  Zergling x2  
  25  2:14  Metabolic Boost  
  25  2:19  Zergling x2  
  26  2:24  Overlord  
  26  2:30  Overlord  
  26  2:35  Drone  
  26  2:47  Roach x2  
  26  2:48  Zergling x2  
  31  2:56  Roach  
  32  3:05  Overlord, Roach  
  34  3:07  Zergling x2  
  35  3:21  Roach  
  35  3:23  Zergling x6  
  40  3:27  Ravager x2  
  40  3:28  Ravager  
  40  3:32  Zergling x2  
  43  3:48  Roach x2  
  43  3:54  Zergling x6  
  48  3:57  Ravager  
  49  4:15  Overlord x2  
  49  4:18  Ravager  
  49  4:22  Ravager  
  51  4:26  Zergling x2  
  52  4:35  Zergling x12  
  52  4:37  Ravager  
  56  4:48  Zergling x6  
  51  5:01  Zergling x2  
  51  5:02  Zergling x6  
  51  5:06  Zergling x2  
  38  5:25  Zergling x2  
Show
View Real Time Build Order
Export as new Build Order

Geralt Protoss 

Build Orders: 1 Gate Expand 

Get SALT Encoding   

  12  0:00  Probe  
  13  0:12  Probe  
  14  0:20  Pylon  
  14  0:24  Probe  
  14  0:28  Assimilator  
  15  0:38  Probe (Chrono Boost)  
  16  0:44  Gateway  
  17  0:50  Probe (Chrono Boost)  
  17  0:55  Probe (Chrono Boost)  
  18  1:04  Probe  
  19  1:16  Probe  
  20  1:23  Nexus  
  20  1:31  Cybernetics Core  
  20  1:36  Probe  
  21  1:40  Assimilator  
  21  1:48  Probe  
  21  1:50  Pylon  
  22  2:01  Probe  
  23  2:06  Adept (Chrono Boost)  
  25  2:10  Robotics Facility  
  25  2:21  Pylon  
  25  2:26  Shield Battery  
  25  2:34  Adept (Chrono Boost)  
  27  2:48  Gateway  
  27  2:49  Gateway  
  27  2:56  Sentry (Chrono Boost)  
  29  3:09  Immortal (Chrono Boost)  
  31  3:22  Pylon  
  31  3:27  Gateway  
  31  3:31  Cybernetics Core  
  29  3:48  Immortal (Chrono Boost)  
  29  3:49  Shield Battery  
  33  3:56  Sentry  
  35  4:10  Probe  
  35  4:15  Pylon  
  35  4:16  Sentry  
  37  4:25  Pylon  
  37  4:52  Adept  
Tags
 
Add a new tag
Caveats
  • Supply blocks, unpowered buildings, or Contaminate may cause inaccurate times.
  • Supply counts are checked every 10 seconds.